 Dungeon Crawl Stone Soup version 0.27-a0-909-g0721f309d1 (webtiles) character file.

Game seed: 6355371466356737945

23 Alarkh the Insei (level 2, 0/23 HPs)
             Began as a Demonspawn Gladiator on Apr 8, 2021.
             Slain by a hobgoblin (4 damage)
             ... led by Robin
             ... on level 2 of the Dungeon.
             The game lasted 00:00:49 (1404 turns).

Alarkh the Insei (Demonspawn Gladiator)             Turns: 1404, Time: 00:00:50

Health: 0/23       AC:  5    Str: 14    XL:     2   Next: 72%
Magic:  2/2        EV: 12    Int:  9    God:
Gold:   66         SH:  0    Dex: 14    Spells: 1/1 levels left

rFire    . . .     SeeInvis .     - Unarmed
rCold    . . .     Faith    .   (no shield)
rNeg     . . .     Spirit   .   a - +0 leather armour
rPois    .         Reflect  .   b - +0 helmet
rElec    .         Harm     .   f - +0 cloak
rCorr    .         Rampage  .   (no gloves)
Will     .....                  (no boots)
Stlth    +.........             (no amulet)
HPRegen  0.07/turn              (no ring)
MPRegen  0.08/turn              (no ring)

@: no status effects
A: claws 1
a: no special abilities


You were on level 2 of the Dungeon.
You visited 1 branch of the dungeon, and saw 2 of its levels.

You collected 66 gold pieces.

Inventory:

Missiles
 c - 3 throwing nets (quivered)
Armour
 a - a +0 leather armour (worn)
 b - a +0 helmet (worn)
 f - a +0 cloak (worn)
Scrolls
 e - a scroll of blinking {unknown}
 h - a scroll of enchant armour {unknown}


   Skills:
 + Level 2.4 Fighting
 - Level 1.7 Throwing
 - Level 2.6 Dodging
 * Level 3.4 Unarmed Combat


You had one spell level left.
You didn't know any spells.
Your spell library was empty.

Dungeon Overview and Level Annotations

Branches:
Dungeon (2/15)

Altars:

Shops:
D:1 *

Annotations:
D:2 Robin


Innate Abilities, Weirdness & Mutations

You have sharp fingernails.


Message History

The hobgoblin misses you. Robin throws the goblin at you!
The goblin barely misses you.
You barely miss the goblin. Your claw misses the goblin.
The hobgoblin misses you. The goblin misses you.
You barely miss the goblin. The hobgoblin misses you.
The goblin hits you with a +0 dagger.
You scratch the goblin.
The goblin is severely wounded.
The hobgoblin hits you.
Robin roars a battlecry!
The goblins go into a battle-frenzy!
You hear a shout!
You closely miss the goblin.
The goblin is severely wounded.
The goblin closely misses you. The hobgoblin completely misses you.
You scratch the goblin but do no damage.
The goblin is severely wounded.
The goblin hits you with a +0 dagger. The hobgoblin hits you.
You closely miss the goblin.
The goblin is severely wounded.
The goblin barely misses you.
The hobgoblin hits you but does no damage.
You barely miss the goblin.
The goblin is severely wounded.
The goblin barely misses you. The hobgoblin closely misses you.
You miss the goblin.
The goblin is severely wounded.
The goblin hits you with a +0 dagger. The hobgoblin hits you.
* * * LOW HITPOINT WARNING * * *
You closely miss the goblin.
The goblin is heavily wounded.
The goblin hits you with a +0 dagger.
* * * LOW HITPOINT WARNING * * *
The hobgoblin closely misses you.
You scratch the goblin but do no damage.
The goblin is heavily wounded.
Robin roars a battlecry!
The goblin goes into a battle-frenzy!
The goblin hits you but does no damage. The hobgoblin hits you.
You die...

....................#
..###################
..# ..# .# ..# #.# ..#
#.# ..# #.# ..#
#.###########.# ..#
#.#gggg@g.....#
..########.#.###########
..........g..g.......
>............g.g.##.
#.######.###)#gg.# #.#
#............. #.#
#####.#...##.. ..#
........ . ..# ...#.#.#.


You could see Robin, 2 hobgoblins and 2 goblins.

Vanquished Creatures
  3 ball pythons
  2 endoplasms (D:1)
  2 giant cockroaches (D:1)
  4 goblins
  2 hobgoblins (D:2)
  2 quokkas
  2 kobolds (D:1)
  A rat (D:1)
18 creatures vanquished.

Notes
Turn   | Place    | Note
-------+----------+-------------------------------------------
     0 | D:1      | Alarkh the Demonspawn Gladiator began the quest for the
                  | Orb.
     0 | D:1      | Reached XP level 1. HP: 16/16 MP: 1/1
   208 | D:1      | Found Jale's Assorted Antiques.
   272 | D:1      | Reached skill level 3 in Unarmed Combat
   300 | D:1      | Gained mutation: You have sharp fingernails. [demonic
                  | ancestry]
   300 | D:1      | Reached XP level 2. HP: 12/22 MP: 2/2
  1373 | D:2      | Noticed Robin
  1404 | D:2      | Slain by a hobgoblin

Illustrated notes

Levels and vault maps discovered:
D:1:      co_arrival_square_in_a_square_in_a_square, layout_basic, serial_shops,
          nicolae_shop_trees
D:2:      layout_basic, uniq_robin

Skill      XL: |  1 |
---------------+----+-----
Unarmed Combat | 3 |  3.4
Fighting       | |  2.4
Throwing       | |  1.7
Dodging        | |  2.6

Action                   || total
-------------------------++-------
Melee: Unarmed           ||    75
  Use: Potion            ||     2
 Stab: Sleeping          ||     1
Armor: Leather armour    ||    22
Dodge: Dodged            ||    68

Table legend: (Time is in decaauts)
 A = Elapsed time spent in this place.
 B = Non-inter-level travel time spent in this place.
 C = Inter-level travel time spent in this place.
 D = Time resting spent in this place.
 E = Time spent auto-exploring this place.
 F = Levels seen in this place.
 G = Mean time per level.
                   A        B        C        D        E       F      G
               +--------+--------+--------+--------+--------+-----+--------+
         Total |   1399 |   1337 |     62 |      0 |   1198 |   2 |  699.5 |
       Dungeon |   1399 |   1337 |     62 |      0 |   1198 |   2 |  699.5 |
               +--------+--------+--------+--------+--------+-----+--------+

Top non-repeatable levels by time:
     D:1: 1245 daAuts
     D:2: 154 daAuts
